 Dungeon Crawl Stone Soup version 0.32-a0-918-g0f22ef8d61 (webtiles) character file.

Game seed: 4217977049060506089

2291 BubbleThief the Toxicologist (level 9, -3/75 (78) HPs)
             Began as a Naga Alchemist on Apr 10, 2024.
             Was an Initiate of Gozag.
             Engulfed by a cloud of flame (10 damage)
             ... on level 7 of the Dungeon on Apr 11, 2024.
             The game lasted 00:18:24 (6474 turns).

BubbleThief the Toxicologist (Naga Alchemist)       Turns: 6474, Time: 00:18:25

HP:   -3/75 (78)    AC:  5    Str: 12    XL:     9   Next: 40%
MP:   10/18         EV: 23    Int: 19    God:    Gozag
Gold: 469           SH:  0    Dex: 11    Spells: 8/20 levels left

rFire   . . .        j - +5 woodcutter's axe
rCold   . . .        (shield currently unavailable)
rNeg    . . .        a - +0 robe
rPois   +            (no helmet)
rElec   .            (no cloak)
rCorr   .            q - +0 pair of gloves
SInv    +            (no barding)
Will    +....        p - amulet of the acrobat
Stlth   ++           (no ring)
HPRegen 0.32/turn    (no ring)
MPRegen 0.16/turn

%: acrobat
@: radiating poison, gold aura, acrobatic, lightly drained, very slow
A: AC +3, large, see invisible, deformed body, poison resistance, slowness 2,
spit poison 1, naga tail 1
a: Spit Poison, Renounce Religion, Potion Petition, Call Merchant, Bribe Branch


You were on level 7 of the Dungeon.
You worshipped Gozag.
Gozag was aware of your devotion.
You visited 2 branches of the dungeon, and saw 8 of its levels.

You collected 576 gold pieces.
You paid 107 gold pieces to Gozag.

Inventory:

Hand Weapons
 c - a +0 dagger
 j - the +5 woodcutter's axe (weapon)
   (You found it on level 2 of the Dungeon)
 y - a +5 spear of venom
Missiles
 i - 5 curare-tipped darts
 C - a throwing net
Armour
 a - a +0 robe (worn)
 q - a +0 pair of gloves (worn)
 D - a +0 buckler
Jewellery
 p - an amulet of the acrobat (around neck)
 E - an amulet of magic regeneration
Wands
 z - a wand of charming (9)
 B - a wand of digging (9)
Scrolls
 d - 9 scrolls of identify {unknown}
 e - a scroll of enchant weapon {unknown}
 g - 2 scrolls of immolation
 m - a scroll of enchant armour {unknown}
 n - 3 scrolls of revelation {unknown}
 r - 2 scrolls of amnesia {unknown}
 s - a scroll of fear {unknown}
 u - a scroll of vulnerability {unknown}
 w - a scroll of brand weapon {unknown}
 x - a scroll of fog {unknown}
Potions
 b - a potion of magic
 f - 2 potions of heal wounds {unknown}
 h - 4 potions of lignification {unknown}
 k - a potion of curing {unknown}
 l - 3 potions of resistance {unknown}
 o - a potion of haste {unknown}
 t - 2 potions of attraction {unknown}
 v - a potion of cancellation {unknown}
 A - a potion of degeneration {unknown}
Miscellaneous
 F - a phial of floods


   Skills:
 + Level 4.2 Fighting
 - Level 1.5 Dodging
 - Level 3.0 Stealth
 - Level 6.0 Spellcasting
 - Level 1.0 Conjurations
 + Level 6.0 Fire Magic
 - Level 9.5 Alchemy


You had 8 spell levels left.
You knew the following spells:

 Your Spells              Type           Power      Damage    Failure   Level
a - Sting                 Conj/Alch      100%       1d9       1%          1
b - Mephitic Cloud        Conj/Alch/Air  19%        N/A       8%          3
c - Olgreb's Toxic Radia  Alch           41%        N/A       2%          4
d - Sticky Flame          Fire/Alch      35%        2d7       4%          4

Your spell library contained the following spells:

 Spells                   Type           Power      Damage    Failure   Level
 Mercury Vapours          Alch/Air       46%        N/A       2%          2
 Kiss of Death            Conj/Necr      28%        2d7       9%          1
 Dazzling Flash           Conj/Hex       14%        N/A       26%         3
 Hailstorm                Conj/Ice       7%         3d5       26%         3
 Stone Arrow              Conj/Erth      14%        3d7       26%         3
 Confusing Touch          Hex            5%         N/A       32%         3
 Summon Ice Beast         Ice/Summ       5%         N/A       32%         3
 Animate Armour           Summ/Erth      10%        N/A       73%         4
 Dispel Undead            Necr           5%         3d7       73%         4
 Sculpt Simulacrum        Ice/Alch       11%        N/A       94%         6
 Starburst                Conj/Fire      9%         6d5       99%         6
 Permafrost Eruption      Ice/Erth       2%         2x4d2     100%        6
 Lehudib's Crystal Spear  Conj/Erth      3%         10d3      100%        8
 Maxwell's Capacitive Co  Air            2%         ∞         100%        8


Dungeon Overview and Level Annotations

Branches:
Dungeon (7/15)             Temple (1/1) D:6

Altars:
Ashenzari
Cheibriados
Dithmenos
Elyvilon
Fedhas
Gozag
Hepliaklqana
Makhleb
Nemelex Xobeh
Okawaru
Qazlal
Ru
Sif Muna
Trog
Uskayaw
Vehumet
Wu Jian
Xom
Yredelemnul
Zin
The Shining One

Shops:
D:1 (*!(

Annotations:
D:6 exclusion: gargoyle
D:7 Jeremiah


Innate Abilities, Weirdness & Mutations

Your serpentine skin is tough. (AC +3)
You have supernaturally acute eyesight. (SInv)
Armour fits poorly on your strangely shaped body.
Your system is resistant to poisons. (rPois)
You cover ground very slowly.
You can spit poison.
You have a snake-like lower body.


Message History

You feel drained.
Unknown command.
Unknown command.
A scorpion comes into view.
Flame seeps out of Jeremiah.
Jeremiah is engulfed in blazing flames.
Flame seeps out of Jeremiah.
The wight completely misses you.
Jeremiah is engulfed in blazing flames.
Flame seeps out of Jeremiah.
Unknown command.
Unknown command.
Casting: Olgreb's Toxic Radiance (dangerous; 2% risk of failure)
Confirm with . or Enter, or press ? or * to list all spells.
You begin to radiate toxic energy.
The butterfly disappears in a burst of colours!
You kill the butterfly!
The butterfly disappears in a burst of colours!
You kill the butterfly!
The butterfly disappears in a burst of colours!
You kill the butterfly!
The butterfly disappears in a burst of colours!
You kill the butterfly!
The butterfly disappears in a burst of colours!
You kill the butterfly!
The butterfly disappears in a burst of colours!
You kill the butterfly!
The butterfly disappears in a burst of colours!
Flame seeps out of Jeremiah.
Jeremiah looks even sicker.
The scorpion is poisoned.
The butterfly explodes!
The fiery explosion engulfs the wight!!
The fiery explosion engulfs you!!
The wight explodes!
The fiery explosion engulfs the wight!!
The fiery explosion engulfs the scorpion!!
You kill the scorpion!
The fiery explosion engulfs you!
The wight explodes!
The fiery explosion engulfs you!!
* * * LOW HITPOINT WARNING * * *
You are engulfed in blazing flames.
You die...
Your body crumbles into a pile of gold.

...#####.....#....# #
.............#....# .#
...##'##.....#.... ..#
..###.###...##... ...+
###.....#######'###....#
............#.$.z......#
............'$§§§#####+#
............#.§§§##F...#
............#..§@§§....#
.......>....#...§##....#
####........#....# ...#
...#........#....# ...+
...#.)..))..#....# ..#
#..#...))...#.##.# ##
#..#...)).###.##.###
...#......#...#....#
...#.....)#...#....+


You could see Jeremiah (inner flame, very poisoned) and a wight (inner flame).

Vanquished Creatures
  Pikel (D:7)
  A troll (D:7)
  A water moccasin (D:7)
  2 sky beasts
  A lemure (D:6)
  A phantom (D:5)
  A bullfrog (D:7)
  A kobold brigand (D:7)
  2 gnoll sergeants
  3 scorpions
  2 wights (D:7)
  5 hounds
  2 bombardier beetles (D:4)
  3 jellies
  Terence (D:2)
  3 iguanas
  4 orc wizards
  Natasha (thrice) (D:2)
  6 gnolls
  9 adders
  3 white imps
  3 ufetubi
  4 dart slugs
  3 ribbon worms
  13 orcs
  6 ball pythons
  4 bats
  3 endoplasms
  3 giant cockroaches
  7 goblins
  7 hobgoblins
  12 kobolds
  4 quokkas
  3 frilled lizards
  10 rats
137 creatures vanquished.

Notes
Turn   | Place    | Note
-------+----------+-------------------------------------------
     0 | D:1      | BubbleThief the Naga Alchemist began the quest for the Orb.
     0 | D:1      | Reached XP level 1. HP: 15/15 MP: 3/3
    53 | D:1      | Found Bezyn's Distillery.
   167 | D:1      | Reached skill level 4 in Alchemy
   167 | D:1      | Reached XP level 2. HP: 22/22 MP: 5/5
   212 | D:1      | Found Sommiq Hehi's Weapon Shop.
   512 | D:1      | Reached XP level 3. HP: 28/28 MP: 6/6
   512 | D:1      | Found Dahaen's General Store.
   520 | D:1      | Found Numevuzxaq's Weapon Shop.
   520 | D:1      | Noticed a +0 demon whip
   520 | D:1      | Noticed a +0 great mace
   815 | D:2      | Learned a level 3 spell: Mephitic Cloud
  1120 | D:2      | Reached XP level 4. HP: 36/36 MP: 8/8
  1154 | D:2      | Noticed Terence
  1167 | D:2      | Killed Terence
  1168 | D:2      | Reached skill level 5 in Alchemy
  1264 | D:2      | Noticed Natasha
  1269 | D:2      | Killed Natasha
  1275 | D:2      | Learned a level 4 spell: Olgreb's Toxic Radiance
  1339 | D:2      | Noticed Natasha
  1350 | D:2      | Killed Natasha
  1351 | D:2      | Reached XP level 5. HP: 32/42 MP: 6/10
  1570 | D:2      | Reached skill level 6 in Alchemy
  1570 | D:2      | Reached XP level 6. HP: 49/49 MP: 2/12
  1571 | D:2      | Found the +5 woodcutter's axe
  1772 | D:2      | Noticed Natasha
  1777 | D:2      | Killed Natasha
  2028 | D:3      | Learned a level 4 spell: Sticky Flame
  2429 | D:3      | Found a shimmering blue altar of Sif Muna.
  2885 | D:4      | Reached skill level 1 in Fire Magic
  2921 | D:4      | Reached XP level 7. HP: 55/55 MP: 11/14
  3145 | D:4      | You fall into a shaft and drop 2 floors!
  3189 | D:6      | Reached skill level 7 in Alchemy
  3226 | D:5      | Entered Level 5 of the Dungeon
  3263 | D:5      | Reached skill level 5 in Spellcasting
  4229 | D:5      | Reached XP level 8. HP: 51/62 MP: 11/16
  4590 | D:5      | Found a glowing golden altar of the Shining One.
  4600 | D:5      | Found a burning altar of Makhleb.
  4893 | D:5      | Reached skill level 8 in Alchemy
  5146 | D:6      | Found a staircase to the Ecumenical Temple.
  5152 | Temple   | Entered the Ecumenical Temple
  5222 | Temple   | Became a worshipper of Gozag Ym Sagoz the Greedy
  5361 | D:6      | Found an ornate altar of the Wu Jian Council.
  5531 | D:6      | Noticed a gargoyle
  5726 | D:7      | Noticed Pikel
  5806 | D:7      | Noticed a troll
  5819 | D:7      | Killed a troll
  6124 | D:7      | Killed Pikel
  6125 | D:7      | Reached skill level 5 in Fire Magic
  6125 | D:7      | Reached skill level 9 in Alchemy
  6125 | D:7      | Reached XP level 9. HP: 76/76 MP: 8/18
  6469 | D:7      | Noticed Jeremiah
  6474 | D:7      | Engulfed by a cloud of flame

Illustrated notes

Levels and vault maps discovered:
D:1:      dpeg_arrival_tiny_a, layout_rooms, serial_shops, shop,
          nicolae_shop_stone, nicolae_shop_mannequins,
          nicolae_shop_bloodbath_and_beyond, minmay_split_cup_large
D:2:      layout_loops_ring, pf_guarded_unrand_woodcutter, uniq_terence,
          uniq_natasha
D:3:      layout_basic, mainiacjoe_overflow_paths, minivault_19,
          minmay_fractal_squares_diagonal_5
D:4:      layout_basic
D:5:      layout_loops_corners, mainiacjoe_overflow_swirl
D:6:      layout_rooms, nicolae_wu_jian_immortal_techniques,
          minmay_temple_entry_nine_rooms, hex_intersection
D:7:      minmay_octagon_keep, layout_gridville, uniq_pikel, uniq_jeremiah
Temple:   minmay_crystal_spiral_temple

Skill      XL: |  1  2  3  4  5  6  7  8  9 |
---------------+----------------------------+-----
Alchemy        | 4 5 6 7 9 |  9.5
Spellcasting   | 3 4 5 6 |  6.0
Fire Magic     | 1 3 5 6 |  6.0
Fighting       | 3 4 |  4.2
Dodging        | |  1.5
Stealth        | |  3.0
Conjurations   | |  1.0

Action                     |  1- 3 |  4- 6 |  7- 9 || total
---------------------------+-------+-------+-------++-------
  Melee: Dagger            |    12 |     3 |       ||    15
         Battleaxe         |       |    16 |    54 ||    70
   Cast: Sting             |    43 |    63 |    53 ||   159
         Mephitic Cloud    |       |     2 |     2 ||     4
         Olgreb's Toxic Ra |       |     1 |    15 ||    16
         Sticky Flame      |       |       |     5 ||     5
Ability: Spit Poison       |    27 |    43 |    31 ||   101
    Use: Scroll            |       |       |     1 ||     1
 Armour: Robe              |    18 |    25 |    70 ||   113
  Dodge: Dodged            |    10 |    10 |    55 ||    75

Table legend: (Time is in decaauts)
 A = Elapsed time spent in this place.
 B = Non-inter-level travel time spent in this place.
 C = Inter-level travel time spent in this place.
 D = Time resting spent in this place.
 E = Time spent auto-exploring this place.
 F = Levels seen in this place.
 G = Mean time per level.
                   A        B        C        D        E       F      G
               +--------+--------+--------+--------+--------+-----+--------+
         Total |   8064 |   7592 |    472 |     88 |   6447 |   8 | 1008.0 |
       Dungeon |   7868 |   7589 |    279 |     88 |   6447 |   7 | 1124.0 |
        Temple |    196 |      3 |    193 |      0 |      0 |   1 |  196.0 |
               +--------+--------+--------+--------+--------+-----+--------+

Top non-repeatable levels by time:
     D:5: 1588 daAuts
     D:2: 1362 daAuts
     D:3: 1160 daAuts
     D:7: 1067 daAuts
     D:4: 1035 daAuts
     D:1: 920 daAuts
     D:6: 732 daAuts
  Temple: 196 daAuts
